Cogmind - Beta 13 @@@ ROGUE MODE // 2024.03.07 @ 22:17:35 Player: Dosh Result: Escaped! Performance ------------- Evolutions (9) 4500 Regions Visited (16) 3200 Robots Destroyed (89) 445 Value Destroyed (1958) 1958 Prototype IDs (32) 640 Alien Tech Used (0) 0 Bonus (3371) 3371 TOTAL SCORE: 14114 Bonus ------- High Alert Combat Kills 71 Aligned with FarCom 300 Win 3000 Cogmind --------- Core Integrity 1600/1600 Matter 234/300 Energy 172/190 System Corruption 2% Temperature Cool (43) Movement Flying (14) Location To Epsilon Eridani Parts ------- > --- POWER (3) -------- Backup Power VII Backup Power VII Light Quantum Reactor > --- PROPULSION (7) --- Cooled Nuclear Pulse Thruster Cooled Nuclear Pulse Thruster Cooled Nuclear Pulse Thruster Improved Diametric Drive Improved Diametric Drive Improved Diametric Drive Improved Diametric Drive > --- UTILITY (13) ----- Advanced Power Amplifier Advanced Cooling System Medium Storage Unit Advanced Weight Redist. System Long-range Terrain Scanner Experimental Terrain Scan Processor Cloak of Protection Advanced Hacking Suite Advanced Hacking Suite Experimental Hacking Suite Advanced System Shield > --- WEAPON (2) ------- Power Sword > --- INVENTORY (10) --- Micro Antimatter Reactor Diametric Drive Diametric Drive Impulse Thruster Array Structural Scanner Enhanced Nova Cannon Precision Rocket Launcher Smartbomb Launcher Peak State ------------ > --- POWER ------------ Backup Power VII Backup Power VII Light Quantum Reactor > --- PROPULSION ------- Cooled Nuclear Pulse Thruster Cooled Nuclear Pulse Thruster Cooled Nuclear Pulse Thruster Improved Diametric Drive Improved Diametric Drive Improved Diametric Drive Improved Diametric Drive > --- UTILITY ---------- Advanced Power Amplifier Advanced Cooling System Medium Storage Unit Advanced Weight Redist. System Long-range Terrain Scanner Experimental Terrain Scan Processor Cloak of Protection Experimental Utility Shielding Advanced Hacking Suite Advanced Hacking Suite Experimental Hacking Suite Advanced System Shield > --- WEAPON ----------- Enhanced Nova Cannon Power Sword > --- INVENTORY -------- Micro Antimatter Reactor Diametric Drive Diametric Drive Impulse Thruster Array Structural Scanner Precision Rocket Launcher Smartbomb Launcher [Rating: 171] Favorites ----------- Power Light Fission Core Engine Backup Power III Power Core Light Fission Core Reactor Light Particle Reactor Propulsion Cooled VTOL Module Flight Unit Cooled VTOL Module Utility Hacking Suite Device Structural Scanner Storage Medium Storage Unit Processor Enhanced Optical Array Hackware Hacking Suite Protection Improved Light Armor Plating Weapon Axe Energy Gun EM Pulse Gun Energy Cannon Heavy Phase Cannon Ballistic Gun Light Assault Rifle Ballistic Cannon Enhanced Gauss Cannon Launcher Precision Rocket Launcher Impact Weapon Flail Slashing Weapon Axe Build | -11 -10 -10 -10 -9 -8 -7 -7 -7 -6 -6 -6 -5 -4 -3 -2 -1 ------- Run | Yrd Mat Min Exi Min Mat Fac Low Low Fac Was Fac Fac Fac Res Res Acc Slots Evolved 18 | . . . . . 4 2 . . 2 . . 2 2 2 2 2 Power 2 | . . . . . . . . . 1 . . . . . 1 . Propulsion 5 | . . . . . 2 1 . . . . . . 1 . 1 . Utility 11 | . . . . . 2 1 . . 1 . . 2 1 2 . 2 Weapon . | . . . . . . . . . . . . . . . . . Parts Attached 126 | 2 3 . 1 . 12 24 1 . 20 . 9 14 19 4 11 6 Power 13 | . 1 . . . 1 . . . 2 . 1 4 2 . 2 . Engine 4 | . 1 . . . 1 . . . . . . 2 . . . . Core 7 | . . . . . . . . . 2 . 1 1 2 . 1 . Reactor 2 | . . . . . . . . . . . . 1 . . 1 . Propulsion 33 | . 2 . . . 4 8 . . 8 . 3 3 4 . 1 . Treads . | . . . . . . . . . . . . . . . . . Leg . | . . . . . . . . . . . . . . . . . Wheel . | . . . . . . . . . . . . . . . . . Hover . | . . . . . . . . . . . . . . . . . Flight 33 | . 2 . . . 4 8 . . 8 . 3 3 4 . 1 . Utility 47 | . . . 1 . 3 6 . . 9 . 5 5 6 4 6 2 Device 12 | . . . . . 1 1 . . 2 . . 1 . 2 5 . Storage 4 | . . . 1 . 1 . . . . . . 1 1 . . . Processor 7 | . . . . . . 2 . . 2 . . 1 . 1 1 . Hackware 18 | . . . . . . 2 . . 4 . 5 2 3 1 . 1 Protection 6 | . . . . . 1 1 . . 1 . . . 2 . . 1 Artifact . | . . . . . . . . . . . . . . . . . Weapon 33 | 2 . . . . 4 10 1 . 1 . . 2 7 . 2 4 Energy Gun 1 | 1 . . . . . . . . . . . . . . . . Energy Cannon 4 | . . . . . . . . . . . . . 1 . 1 2 Ballistic Gun 1 | 1 . . . . . . . . . . . . . . . . Ballistic Cannon 1 | . . . . . . . . . . . . 1 . . . . Launcher 6 | . . . . . 1 1 . . . . . 1 2 . . 1 Special Weapon . | . . . . . . . . . . . . . . . . . Impact Weapon 3 | . . . . . 2 . 1 . . . . . . . . . Slashing Weapon 17 | . . . . . 1 9 . . 1 . . . 4 . 1 1 Piercing Weapon . | . . . . . . . . . . . . . . . . . Special Melee Weapon . | . . . . . . . . . . . . . . . . . Unidentified Prototypes 1 | . . . . . . . . . . . . . 1 . . . Parts Lost 24 | . . . . . . 14 . . 1 . 1 4 2 . 1 1 Power 8 | . . . . . . 1 . . . . 1 3 2 . 1 . Propulsion 9 | . . . . . . 8 . . . . . 1 . . . . Utility 4 | . . . . . . 2 . . 1 . . . . . . 1 Weapon 3 | . . . . . . 3 . . . . . . . . . . Highest Loss Streak 5 | . . . . . . 5 . . 1 . 1 3 2 . 1 1 To Critical Strikes 1 | . . . . . . 1 . . . . . . . . . . Average Slot Usage (%) 79 | . 55 71 64 57 78 52 24 30 79 93 93 88 90 95 92 91 Engine 3 | . 7 14 14 14 9 3 . . 3 6 6 3 1 . . . Core 3 | . . . . . . . . . 5 6 6 2 2 9 8 8 Flight 27 | . 19 28 28 28 36 18 15 15 26 33 33 28 30 28 30 28 Device 7 | . . . . . 8 3 . . 11 13 7 6 5 9 17 20 Storage 2 | . . . 7 14 9 6 . . . . . 1 5 4 4 4 Processor 3 | . . . . . . 7 . . 3 . . 3 5 9 4 4 Hackware 18 | . . . . . . 4 . . 16 20 31 31 28 23 15 16 Protection 2 | . . . . . 8 . 7 7 3 6 . . 1 4 4 3 Slashing Weapon 4 | . . . . . 1 5 . . 5 6 6 5 4 4 4 3 Naked Turns . | . . . . . . . . . . . . . . . . . Heaviest Build 62 | 3 6 6 8 8 22 20 5 5 15 15 15 28 33 32 52 62 Greatest Support 64 | 3 8 8 8 8 25 20 6 6 37 41 37 37 48 32 55 64 Greatest Overweight (x) 4 | . . . . . . 4 . . . 1 . . . . 1 1 Average Overweight (x) . | . . . . . . . . . . . . . . . . . Largest Inventory Capacity 10 | 5 5 5 8 8 10 10 5 5 5 5 5 10 10 10 10 10 Average Capacity 7 | 5 5 5 6 8 8 9 5 5 5 5 5 6 10 10 10 10 Most Carried 10 | 3 5 5 7 7 10 10 5 5 5 5 5 10 10 8 7 10 Average Carried 6 | 2 4 5 5 6 7 7 5 5 4 4 4 5 9 7 5 7 Final Capacity 10 | 5 5 5 8 8 10 5 5 5 5 5 5 10 10 10 10 10 Final Carried 10 | 3 5 5 7 7 10 5 5 5 5 5 5 10 9 8 6 10 Class Distribution -------------------- 24% | Hacker-Sprinter 22% | Wizard-Scout 11% | Mutant 11% | Sprinter 5% | Machinist-Ninja 5% | Hacker-Scout 5% | Scavenger-Sprinter 5% | Wizard-Ninja 5% | Wizard-Sprinter Dominant Class ---------------- Mutant | -10/Materials Mutant | -10/Mines Mutant | -10/Exiles Mutant | -9/Mines Sprinter | -8/Materials Mutant | -7/Factory Sprinter | -7/Lower Caves Sprinter | -7/Lower Caves Hacker-Sprinter | -6/Factory Hacker-Mutant | -6/Waste Hacker-Sprinter | -6/Factory Wizard-Scout | -5/Factory Wizard-Scout | -4/Factory Wizard-Ninja | -3/Research Machinist-Ninja | -2/Research Machinist-Ninja | -1/Access Resources | -11 -10 -10 -10 -9 -8 -7 -7 -7 -6 -6 -6 -5 -4 -3 -2 -1 ----------- Run | Yrd Mat Min Exi Min Mat Fac Low Low Fac Was Fac Fac Fac Res Res Acc Matter Collected 1556 | 192 30 . . 43 129 192 12 . 233 . 149 167 142 53 117 97 Remotely . | . . . . . . . . . . . . . . . . . Salvage Created 2710 | . 96 . . . 206 291 . . 626 . 169 603 299 53 281 86 Parts 167 | . 15 . . . 3 28 . . 32 . 15 38 16 3 12 5 Haulers Intercepted 2 | . . . . . 1 . . . 1 . . . . . . . Recyclers Shooed 2 | . . . . . . . . . . . . 1 . . 1 . Parts Field Recycled . | . . . . . . . . . . . . . . . . . Retrieved Matter . | . . . . . . . . . . . . . . . . . Parts Self-Destructed . | . . . . . . . . . . . . . . . . . Prevented . | . . . . . . . . . . . . . . . . . Kills | -11 -10 -10 -10 -9 -8 -7 -7 -7 -6 -6 -6 -5 -4 -3 -2 -1 ------- Run | Yrd Mat Min Exi Min Mat Fac Low Low Fac Was Fac Fac Fac Res Res Acc Combat Hostiles Destroyed 36 | . 6 . . . 3 9 . . . . 1 7 5 . . 5 Melee 12 | . . . . . . 8 . . . . 1 3 . . . . Guns 5 | . 5 . . . . . . . . . . . . . . . AOE 18 | . 1 . . . 2 1 . . . . . 4 5 . . 5 Classes Destroyed 11 | . 1 . . . 4 4 . . 1 . . 1 . . . . Worker 4 | . . . . . . . . . 1 . 1 . 1 . 1 . Builder 23 | . . . . . 2 2 . . 12 . 2 3 1 1 . . Hauler 2 | . . . . . 1 . . . 1 . . . . . . . Recycler 7 | . . . . . 1 . . . 1 . . 2 1 . 2 . Mechanic 1 | . . . . . . . . . . . . 1 . . . . Operator 4 | . . . . . . 1 . . 2 . 1 . . . . . Watcher 12 | . . . . . 1 1 . . 2 . 1 3 2 1 1 . Swarmer 28 | . 6 . . . 3 4 . . . . . 5 5 . . 5 Cutter 3 | . . . . . . 3 . . . . . . . . . . Grunt 3 | . . . . . . 1 . . . . 1 1 . . . . Programmer 2 | . . . . . . 1 . . . . . 1 . . . . Best Kill Streak 6 | . 3 . . . 3 3 . . 5 . 2 5 6 1 2 5 Combat Bots Only 5 | . 3 . . . 3 3 . . . . 1 5 5 . . 5 Max Kills in Single Turn 4 | . 1 . . . 2 1 . . 1 . 1 4 3 1 1 4 Gunslinging . | . . . . . . . . . . . . . . . . . Exploded 4 | . 1 . . . 2 1 . . . . . 4 3 . . 4 Melee 1 | . . . . . . 1 . . . . 1 1 . . . . Uniques/NPCs Destroyed . | . . . . . . . . . . . . . . . . . Combat | -11 -10 -10 -10 -9 -8 -7 -7 -7 -6 -6 -6 -5 -4 -3 -2 -1 -------- Run | Yrd Mat Min Exi Min Mat Fac Low Low Fac Was Fac Fac Fac Res Res Acc Hostile Shots Fired 226 | . 19 . . . 9 92 . . 9 . 29 33 9 4 6 16 Missed 87 | . 8 . . . 5 28 . . 2 . 17 13 3 4 1 6 Damage Taken 2651 | . 112 . . . 36 1141 . . 105 . 157 384 292 . 131 293 Core 814 | . 50 . . . 7 534 . . . . 19 177 2 . 25 . Absorbed by Shields . | . . . . . . . . . . . . . . . . . Redirected to Shielding 294 | . . . . . . . . . . . . . 48 . 93 153 Regen/Repaired (Parts) 287 | . 8 . . . . . . . 40 . 79 . 67 . . 93 Core Remaining (%) 87 | 100 . . . 80 98 . . 23 . . 97 82 99 100 98 100 Volleys Fired 43 | . 13 . . . 1 2 . . . . . 4 11 . 2 10 Largest 2 | . 2 . . . 1 1 . . . . . 1 1 . 1 1 Hottest 90 | . 60 . . . 33 33 . . . . . 57 90 . 90 90 Shots Fired 56 | . 26 . . . 1 2 . . . . . 4 11 . 2 10 Gun 26 | . 26 . . . . . . . . . . . . . . . Cannon 20 | . . . . . . . . . . . . 3 7 . 2 8 Launcher 10 | . . . . . 1 2 . . . . . 1 4 . . 2 Special . | . . . . . . . . . . . . . . . . . Kinetic 16 | . 13 . . . . . . . . . . 3 . . . . Thermal 17 | . . . . . . . . . . . . . 7 . 2 8 Explosive 10 | . . . . . 1 2 . . . . . 1 4 . . 2 Electromagnetic 13 | . 13 . . . . . . . . . . . . . . . Robot Hit Streak 3 | . 3 . . . . 2 . . . . . . . . . . Robot Miss Streak 3 | . 3 . . . . . . . . . . 1 . . . . Penetration Max . | . . . . . . . . . . . . . . . . . Secondary Targets . | . . . . . . . . . . . . . . . . . Shots Hit Robots 132 | . 12 . . . 10 29 . . 25 . 11 28 8 2 7 . Core Hits 72 | . 6 . . . 2 14 . . 8 . 5 12 10 1 4 10 Critical Kills . | . . . . . . . . . . . . . . . . . Critical Parts Destroyed 4 | . . . . . 2 . . . 2 . . . . . . . Critical Strikes 10 | . . . . . 2 4 . . 2 . 1 1 . . . . Smash 4 | . . . . . 2 . . . 2 . . . . . . . Sever 6 | . . . . . . 4 . . . . 1 1 . . . . Melee Attacks 362 | . . . . . 15 50 . . 72 . 61 82 36 15 15 16 Impact 33 | . . . . . 15 . . . 18 . . . . . . . Slashing 329 | . . . . . . 50 . . 54 . 61 82 36 15 15 16 Piercing . | . . . . . . . . . . . . . . . . . Sneak Attacks 44 | . . . . . 4 2 . . 19 . 5 8 2 1 3 . Combat Hostiles . | . . . . . . . . . . . . . . . . . Follow-up Attacks . | . . . . . . . . . . . . . . . . . Damage Inflicted 8499 | . 134 . . . 857 1304 . . 1689 . 620 1713 1171 140 436 435 Guns 112 | . 112 . . . . . . . . . . . . . . . Cannons . | . . . . . . . . . . . . . . . . . Explosions 1683 | . 22 . . . 150 226 . . . . . 334 516 . . 435 Melee 6703 | . . . . . 707 1077 . . 1689 . 620 1379 655 140 436 . Ramming 1 | . . . . . . 1 . . . . . . . . . . Kinetic 33 | . 33 . . . . . . . . . . . . . . . Thermal 22 | . 22 . . . . . . . . . . . . . . . Explosive 1661 | . . . . . 150 226 . . . . . 334 516 . . 435 Electromagnetic 79 | . 79 . . . . . . . . . . . . . . . Impact 1155 | . . . . . 707 . . . 448 . . . . . . . Slashing 5548 | . . . . . . 1077 . . 1241 . 620 1379 655 140 436 . Piercing . | . . . . . . . . . . . . . . . . . Highest Corruption 8 | . . . . . . 5 5 5 1 8 8 3 . . . 2 Average Corruption 3 | . . . . . . 3 5 5 1 6 8 2 . . . 1 Corruption Purged 3 | . . . . . . . . . . . . 3 . . . . Corruption Blocked . | . . . . . . . . . . . . . . . . . Effects 64 | . . . . . . 8 2 1 10 2 33 7 . . . 1 Message Errors 11 | . . . . . . 2 . . 1 1 4 3 . . . . Matter Fused 14 | . . . . . . 3 . . 4 . 6 1 . . . . Heat Flow Errors 8 | . . . . . . 1 . . 3 1 3 . . . . . Energy Discharges 6 | . . . . . . . . 1 . . 4 1 . . . . Parts Fused 1 | . . . . . . . . . . . 1 . . . . . Data Loss (minor) 16 | . . . . . . . . . 1 . 13 1 . . . 1 Data Loss (major) 5 | . . . . . . 1 1 . 1 . 2 . . . . . Alerts 3 | . . . . . . 1 1 . . . . 1 . . . . Overload Shots . | . . . . . . . . . . . . . . . . . Overflow Damage 2172 | . . . . . 436 87 . . 721 . 127 331 326 54 90 . Projectiles . | . . . . . . . . . . . . . . . . . Explosions 89 | . . . . . . 31 . . . . . 38 20 . . . Melee 2083 | . . . . . 436 56 . . 721 . 127 293 306 54 90 . Knockbacks 2 | . . . . . 2 . . . . . . . . . . . Impact 2 | . . . . . 2 . . . . . . . . . . . Kinetic . | . . . . . . . . . . . . . . . . . Secondary . | . . . . . . . . . . . . . . . . . Self-Inflicted Damage 62 | . 21 . . . . 41 . . . . . . . . . . Shots 2 | . 1 . . . . 1 . . . . . . . . . . Rammed 2 | . . . . . . 2 . . . . . . . . . . Targets Rammed 2 | . . . . . . 2 . . . . . . . . . . Kicked . | . . . . . . . . . . . . . . . . . Crushed . | . . . . . . . . . . . . . . . . . Highest Temperature 326 | . 84 . . . 5 153 . . 267 326 301 153 300 . 36 244 Average Temperature 52 | . 30 . . . 3 85 . . 60 167 55 21 91 . 15 53 Received Heat Transfer 177 | . . . . . . . . . . . 69 72 . . 18 18 Siege Activations . | . . . . . . . . . . . . . . . . . Robots Corrupted . | . . . . . . . . . . . . . . . . . Combat Hostiles . | . . . . . . . . . . . . . . . . . Parts Fried 20 | . . . . . 7 . . . 13 . . . . . . . Impact Corruptions 25 | . . . . . 15 . . . 10 . . . . . . . Robots Melted . | . . . . . . . . . . . . . . . . . Combat Hostiles . | . . . . . . . . . . . . . . . . . Parts Melted . | . . . . . . . . . . . . . . . . . Heat Transferred 50 | . 50 . . . . . . . . . . . . . . . Parts Sabotaged . | . . . . . . . . . . . . . . . . . Parts Stolen . | . . . . . . . . . . . . . . . . . Parts Stripped . | . . . . . . . . . . . . . . . . . Power Chain Reactions 1 | . 1 . . . . . . . . . . . . . . . Alert | -11 -10 -10 -10 -9 -8 -7 -7 -7 -6 -6 -6 -5 -4 -3 -2 -1 ------- Run | Yrd Mat Min Exi Min Mat Fac Low Low Fac Was Fac Fac Fac Res Res Acc Peak Influence 505 | . 244 94 . . 261 474 . . 393 98 209 343 482 201 322 505 Initial 192 | . . 94 . . . 118 . . 88 53 68 78 122 174 112 192 Average 198 | . 121 94 . . 137 357 . . 204 82 112 167 263 100 158 284 Maximum Alert Level 2 | . 1 . . . 1 2 . . 1 . 1 1 2 1 1 2 Low Security (%) 59 | 100 82 100 . 100 69 . . . 61 100 98 56 49 98 88 20 Level 1 31 | . 17 . . . 30 64 . . 38 . 1 43 19 1 11 64 Level 2 8 | . . . . . . 35 . . . . . . 31 . . 15 Level 3 . | . . . . . . . . . . . . . . . . . Level 4 . | . . . . . . . . . . . . . . . . . Level 5 . | . . . . . . . . . . . . . . . . . High Security . | . . . . . . . . . . . . . . . . . Max Security . | . . . . . . . . . . . . . . . . . Squads Dispatched 65 | . 2 . . . 3 10 . . 14 . 7 11 9 4 2 3 Investigation 41 | . 1 . . . 2 6 . . 10 . 6 7 7 1 . 1 Extermination 9 | . . . . . . 2 . . 1 . 1 2 1 1 . 1 Reinforcement 12 | . 1 . . . 1 1 . . 2 . . 2 . 2 2 1 Assault 3 | . . . . . . 1 . . 1 . . . 1 . . . Garrison . | . . . . . . . . . . . . . . . . . Intercept . | . . . . . . . . . . . . . . . . . Searches Triggered . | . . . . . . . . . . . . . . . . . Construction Impeded 1 | . . . . . . . . . . . . 1 . . . . Haulers Reinforced . | . . . . . . . . . . . . . . . . . Active Scanning Responses . | . . . . . . . . . . . . . . . . . Cargo Convoy Interrupts . | . . . . . . . . . . . . . . . . . Stealth | -11 -10 -10 -10 -9 -8 -7 -7 -7 -6 -6 -6 -5 -4 -3 -2 -1 --------- Run | Yrd Mat Min Exi Min Mat Fac Low Low Fac Was Fac Fac Fac Res Res Acc Distress Signals 18 | . 1 . . . 2 1 . . 1 . 2 6 2 1 1 1 Communications Jammed . | . . . . . . . . . . . . . . . . . Distress Signals . | . . . . . . . . . . . . . . . . . Times Spotted 154 | . 13 2 . 2 9 20 1 . 13 6 15 25 19 11 8 10 Peak Tracking Total 8 | . 5 2 . 3 6 6 1 . 3 6 5 6 8 5 8 7 Tactical Retreats 33 | . 1 . . . 2 4 . . 3 . 5 8 4 1 1 4 Traps | -11 -10 -10 -10 -9 -8 -7 -7 -7 -6 -6 -6 -5 -4 -3 -2 -1 ------- Run | Yrd Mat Min Exi Min Mat Fac Low Low Fac Was Fac Fac Fac Res Res Acc Traps Triggered 11 | . . . . . 2 . . . 3 . 1 1 2 . 1 1 Indirectly . | . . . . . . . . . . . . . . . . . Trap Hack Attempts . | . . . . . . . . . . . . . . . . . Triggered . | . . . . . . . . . . . . . . . . . Disarmed . | . . . . . . . . . . . . . . . . . Reprogrammed 10 | . . . . . . . . . . . 6 . . 4 . . Reused 5 | . . . . . . . . . . . 3 . . 2 . . Traps Extracted . | . . . . . . . . . . . . . . . . . Installed . | . . . . . . . . . . . . . . . . . Triggered 5 | . . . . . . . . . . . 3 . . 2 . . Machines | -11 -10 -10 -10 -9 -8 -7 -7 -7 -6 -6 -6 -5 -4 -3 -2 -1 ---------- Run | Yrd Mat Min Exi Min Mat Fac Low Low Fac Was Fac Fac Fac Res Res Acc Machines Disabled 8 | . 1 . . . . 1 . . 1 . 1 2 1 . . 1 Max in Single Turn 2 | . 1 . . . . 1 . . 1 . 1 2 1 . . 1 Garrison Access 16 | . . . . . 1 2 . . 4 . 3 1 3 . 1 1 Machines Repaired . | . . . . . . . . . . . . . . . . . Machines Dismantled . | . . . . . . . . . . . . . . . . . Machines Sabotaged . | . . . . . . . . . . . . . . . . . Overloaded Fab Kills . | . . . . . . . . . . . . . . . . . Hacking | -11 -10 -10 -10 -9 -8 -7 -7 -7 -6 -6 -6 -5 -4 -3 -2 -1 --------- Run | Yrd Mat Min Exi Min Mat Fac Low Low Fac Was Fac Fac Fac Res Res Acc Machines Accessed 125 | . 3 . 1 . 6 14 . . 25 . 26 16 17 6 6 5 Terminals 72 | . 2 . . . 5 10 . . 12 . 15 9 7 5 4 3 Fabricators 22 | . . . . . . 1 . . 5 . 6 5 4 1 . . Repair Stations 10 | . 1 . . . . . . . 4 . 1 . 3 . . 1 Recycling Units 2 | . . . . . . 1 . . . . . . . . 1 . Scanalyzers 2 | . . . . . . . . . . . 1 1 . . . . Garrison Access 16 | . . . . . 1 2 . . 4 . 3 1 3 . 1 1 Total Hacks 353 | . 13 . 1 . 20 34 . . 55 . 90 51 44 25 9 11 Successful 211 | . 6 . 1 . 5 11 . . 29 . 56 39 36 18 4 6 Failed 142 | . 7 . . . 15 23 . . 26 . 34 12 8 7 5 5 Catastrophic 27 | . 1 . . . 3 5 . . 8 . 4 1 1 1 2 1 Database Lockouts . | . . . . . . . . . . . . . . . . . Manual 181 | . 8 . 1 . 18 20 . . 22 . 41 25 21 15 7 3 Terminals 231 | . 8 . . . 19 25 . . 30 . 53 37 23 21 7 8 Fabricators 56 | . . . . . . 3 . . 13 . 14 11 11 4 . . Repair Stations 26 | . 5 . . . . . . . 7 . 5 . 7 . . 2 Recycling Units 4 | . . . . . . 3 . . . . . . . . 1 . Scanalyzers 17 | . . . . . . . . . . . 15 2 . . . . Garrison Access 18 | . . . . . 1 3 . . 5 . 3 1 3 . 1 1 Terminal Hacks 81 | . 2 . 1 . 1 3 . . 8 . 18 21 11 13 1 2 Record 1 | . . . . . . . . . . . . . . 1 . . Part Schematic 10 | . . . . . . 1 . . 2 . 1 2 3 1 . . Robot Analysis 2 | . 2 . . . . . . . . . . . . . . . Open Door 1 | . . . . . . . . . . . . . . . . 1 Level Access Points 6 | . . . . . . . . . . . 1 1 1 1 1 1 Branch Access Points 3 | . . . . . . . . . 1 . 1 . 1 . . . Machine Index 3 | . . . . . . . . . . . . 1 1 1 . . Terminal Index 1 | . . . . . . . . . . . 1 . . . . . Fabricator Index 1 | . . . . . . . . . . . 1 . . . . . Garrison Index 1 | . . . . . . . . . . . 1 . . . . . Alert Level 1 | . . . . . . . . . . . . 1 . . . . Unreport Threat 9 | . . . . . . . . . . . 3 3 . 3 . . Locate Traps 5 | . . . . . . 1 . . 1 . 1 1 . 1 . . Reprogram Traps 2 | . . . . . . . . . . . 1 . . 1 . . Patrol Status 1 | . . . . . . . . . . . . 1 . . . . Investigation Status 1 | . . . . . . . . . 1 . . . . . . . Recall Investigation 18 | . . . . . . . . . 2 . 5 7 3 1 . . Recall Extermination 6 | . . . . . . . . . 1 . 1 2 1 1 . . Recall Reinforcements 2 | . . . . . . . . . . . . . . 2 . . Recall Assault 1 | . . . . . . . . . . . . . 1 . . . Hauler Manifests 4 | . . . . . 1 1 . . . . 1 1 . . . . Zone Layout 1 | . . . . . . . . . . . . 1 . . . . Derelict Proto ID Bank 1 | . . . 1 . . . . . . . . . . . . . Fabricator Hacks 43 | . . . . . . 2 . . 9 . 11 10 9 2 . . Network Status 1 | . . . . . . . . . . . . . 1 . . . Load Schematic 21 | . . . . . . 1 . . 5 . 5 5 4 1 . . Build 21 | . . . . . . 1 . . 4 . 6 5 4 1 . . Repair Station Hacks 19 | . 2 . . . . . . . 5 . 3 . 7 . . 2 Scan Component 7 | . 1 . . . . . . . 2 . 1 . 2 . . 1 Repair 7 | . 1 . . . . . . . 2 . 1 . 2 . . 1 Refit 5 | . . . . . . . . . 1 . 1 . 3 . . . Recycling Unit Hacks 1 | . . . . . . . . . . . . . . . 1 . Retrieve Components 1 | . . . . . . . . . . . . . . . 1 . Scanalyzer 16 | . . . . . . . . . . . 14 2 . . . . Insert Component 3 | . . . . . . . . . . . 2 1 . . . . Analyze 13 | . . . . . . . . . . . 12 1 . . . . Garrison Access Hacks 14 | . . . . . 1 1 . . 3 . 3 1 3 . 1 1 Seal Access 14 | . . . . . 1 1 . . 3 . 3 1 3 . 1 1 Unauthorized Hacks 37 | . 2 . . . 3 5 . . 4 . 7 5 6 3 1 1 Terminals 32 | . 2 . . . 3 5 . . 3 . 6 5 4 2 1 1 Assimilate 8 | . . . . . . . . . . . 3 2 2 . 1 . Botnet 17 | . 2 . . . 2 3 . . 2 . 2 2 2 1 . 1 Operators 7 | . . . . . 1 2 . . 1 . 1 1 . 1 . . Fabricators 5 | . . . . . . . . . 1 . 1 . 2 1 . . Prioritize 5 | . . . . . . . . . 1 . 1 . 2 1 . . Repair Stations . | . . . . . . . . . . . . . . . . . Recycling Units . | . . . . . . . . . . . . . . . . . Scanalyzers . | . . . . . . . . . . . . . . . . . Garrison Access . | . . . . . . . . . . . . . . . . . Data Cores Recovered . | . . . . . . . . . . . . . . . . . Used . | . . . . . . . . . . . . . . . . . Hacking Detections 91 | . 3 . . . 4 12 . . 21 . 17 11 10 5 4 4 Full Trace Events 37 | . 1 . . . . 6 . . 10 . 6 6 6 1 . 1 Feedback Events 1 | . . . . . . . . . 1 . . . . . . . Corruption 1 | . . . . . . . . . 1 . . . . . . . Feedback Blocked . | . . . . . . . . . . . . . . . . . Robot Schematics Acquired . | . . . . . . . . . . . . . . . . . Robots Built . | . . . . . . . . . . . . . . . . . Authchips . | . . . . . . . . . . . . . . . . . Time . | . . . . . . . . . . . . . . . . . Total Robot Build Rating . | . . . . . . . . . . . . . . . . . Part Schematics Acquired 12 | . . . . . . 1 . . 2 . 2 3 3 1 . . Parts Built 22 | . . . . . . 2 . . 4 . 6 5 4 1 . . Authchips . | . . . . . . . . . . . . . . . . . Time 1625 | . . . . . . 73 . . 335 . 544 443 204 26 . . Total Part Build Rating 128 | . . . . . . 6 . . 16 . 44 30 26 6 . . Parts Repaired 7 | . 1 . . . . . . . 2 . 1 . 2 . . 1 Time 250 | . 18 . . . . . . . 54 . 68 . 70 . . 40 Parts Recycled . | . . . . . . . . . . . . . . . . . Recycled Matter . | . . . . . . . . . . . . . . . . . Retrieved Matter . | . . . . . . . . . . . . . . . . . Retrieved Components 3 | . . . . . . . . . . . . . . . 3 . Parts Scanalyzed 3 | . . . . . . . . . . . 2 1 . . . . Part Schematics Acquired 2 | . . . . . . . . . . . 1 1 . . . . Parts Damaged . | . . . . . . . . . . . . . . . . . Bothacking | -11 -10 -10 -10 -9 -8 -7 -7 -7 -6 -6 -6 -5 -4 -3 -2 -1 ------------ Run | Yrd Mat Min Exi Min Mat Fac Low Low Fac Was Fac Fac Fac Res Res Acc Used RIF Installer . | . . . . . . . . . . . . . . . . . Robots Hacked . | . . . . . . . . . . . . . . . . . Non-combat . | . . . . . . . . . . . . . . . . . Combat . | . . . . . . . . . . . . . . . . . Robot Hacks Applied . | . . . . . . . . . . . . . . . . . Relay Couplers Released 2 | . . . . . . 2 . . . . . . . . . . Machine Destruction 2 | . . . . . . 2 . . . . . . . . . . Fabnet Peak Effective % . | . . . . . . . . . . . . . . . . . Robots Rewired . | . . . . . . . . . . . . . . . . . Allies Hacked . | . . . . . . . . . . . . . . . . . Hacks Repelled . | . . . . . . . . . . . . . . . . . Allies | -11 -10 -10 -10 -9 -8 -7 -7 -7 -6 -6 -6 -5 -4 -3 -2 -1 -------- Run | Yrd Mat Min Exi Min Mat Fac Low Low Fac Was Fac Fac Fac Res Res Acc Total Allies 6 | . . . . . . . . . . . 2 2 2 . . . Largest Group 2 | . . . . . . . . . . . 1 1 2 . . . Highest-Rated Group 52 | . . . . . . . . . . . 10 26 52 . . . Highest-Rated Ally 26 | . . . . . . . . . . . 10 26 26 . . . Total Orders . | . . . . . . . . . . . . . . . . . Ally Attacks . | . . . . . . . . . . . . . . . . . Total Damage . | . . . . . . . . . . . . . . . . . Kills . | . . . . . . . . . . . . . . . . . Allies Corrupted . | . . . . . . . . . . . . . . . . . Allies Melted . | . . . . . . . . . . . . . . . . . Intel | -11 -10 -10 -10 -9 -8 -7 -7 -7 -6 -6 -6 -5 -4 -3 -2 -1 ------- Run | Yrd Mat Min Exi Min Mat Fac Low Low Fac Was Fac Fac Fac Res Res Acc Robot Analysis Total 2 | . 2 . . . . . . . . . . . . . . . Derelict Logs Recovered . | . . . . . . . . . . . . . . . . . Drone Launches . | . . . . . . . . . . . . . . . . . Drone Recoveries . | . . . . . . . . . . . . . . . . . Exploration | -11 -10 -10 -10 -9 -8 -7 -7 -7 -6 -6 -6 -5 -4 -3 -2 -1 ------------- Run | Yrd Mat Min Exi Min Mat Fac Low Low Fac Was Fac Fac Fac Res Res Acc Turns Passed 7427 | 25 153 11 83 171 340 985 88 24 1657 56 1051 1113 804 388 173 305 Spaces Moved 15245 | 39 217 30 215 272 729 1428 267 74 2651 164 2646 2497 1833 596 701 886 Core 256 | 39 44 . . . . 164 . . . 9 . . . . . . Treads . | . . . . . . . . . . . . . . . . . Legs . | . . . . . . . . . . . . . . . . . Wheels . | . . . . . . . . . . . . . . . . . Hover . | . . . . . . . . . . . . . . . . . Flight 14989 | . 173 30 215 272 729 1264 267 74 2651 155 2646 2497 1833 596 701 886 Fastest Speed 5 | 50 37 37 37 37 31 28 32 32 11 5 14 12 7 21 14 7 Average Speed 26 | 50 39 37 37 37 31 53 32 32 27 24 22 20 20 21 14 16 Slowest Speed 250 | 50 50 37 37 37 31 250 32 32 32 100 26 23 21 21 84 84 Overloaded Moves 137 | . . . . . . . . . 19 24 5 30 8 . . 51 Propulsion Burnouts . | . . . . . . . . . . . . . . . . . Robots Hopped 96 | . 1 . . 3 1 1 1 . 14 4 16 15 25 1 13 1 Cave-ins Triggered . | . . . . . . . . . . . . . . . . . Exploration Rate (%) 42 | 2 44 12 62 75 49 39 41 17 61 87 63 54 44 14 25 34 Regions Visited 16 Branch Regions 5 Pre-discovered Areas . | . . . . . . . . . . . . . . . . . Known Exits Taken 5 | . . . . . . . . . . . 1 1 1 1 1 . Unknown Exits Taken 9 | 1 1 1 1 1 1 1 1 1 . . . . . . . . Scrap Searched 3 | . . . . . . . 3 . . . . . . . . . Spaces Dug 228 | . . . . . 13 13 . . 40 . 43 52 32 11 9 15 Terrain Destroyed 305 | . 3 . . . 13 25 . . 40 . 43 67 76 11 9 18 Melee 205 | . . . . . 3 13 . . 40 . 43 49 25 11 7 14 Projectile 13 | . . . . . . . . . . . . 3 7 . 2 1 AOE 87 | . 3 . . . 10 12 . . . . . 15 44 . . 3 Terrain Rammed . | . . . . . . . . . . . . . . . . . Walls Destroyed . | . . . . . . . . . . . . . . . . . Machines Disabled . | . . . . . . . . . . . . . . . . . Actions | -11 -10 -10 -10 -9 -8 -7 -7 -7 -6 -6 -6 -5 -4 -3 -2 -1 --------- Run | Yrd Mat Min Exi Min Mat Fac Low Low Fac Was Fac Fac Fac Res Res Acc Total 17875 | 43 257 29 218 339 807 1570 267 73 3442 176 2979 2935 2165 834 734 1007 Wait 2079 | . 22 . . 69 45 50 1 . 688 13 272 338 266 219 13 83 Move 15048 | 38 214 29 214 266 726 1425 264 73 2627 157 2614 2467 1784 593 674 883 Hop 85 | . 1 . . 2 1 1 1 . 10 2 15 14 23 1 13 1 Pick Up 47 | 3 4 . 1 1 3 5 . . 4 2 3 8 4 1 4 4 Fast Attach 60 | 2 2 . . . 5 13 1 . 14 . 2 7 9 1 2 2 Attach 35 | . 1 . 1 . 2 9 . . 3 . . 4 6 2 4 3 Detach 30 | . . . 2 . 1 5 . . 4 . . 3 10 1 2 2 Swap 31 | . . . . . 5 2 . . 3 . 7 3 4 1 5 1 Drop 43 | . . . . 1 3 6 . . 7 2 5 5 12 . . 2 Fire 43 | . 13 . . . 1 2 . . . . . 4 11 . 2 10 Melee 362 | . . . . . 15 50 . . 72 . 61 82 36 15 15 16 Ram 2 | . . . . . . 2 . . . . . . . . . . Kick . | . . . . . . . . . . . . . . . . . Crush . | . . . . . . . . . . . . . . . . . Escape Stasis 10 | . . . . . . . . . 10 . . . . . . . Rewire . | . . . . . . . . . . . . . . . . . Trap . | . . . . . . . . . . . . . . . . . Miscellaneous . | . . . . . . . . . . . . . . . . . Route ------- -11/Scrapyard -10/Materials (discovered 2 exits: [*Mat] / [*Min]) -10/Mines -10/Exiles -9/Mines -8/Materials (discovered 2 exits: *Fac / [*Sto]) -7/Factory (discovered 2 exits: *Fac / [*Low]) -7/Lower Caves -7/Lower Caves -6/Factory (discovered 3 exits: *Fac / Low x2) -6/Waste -6/Factory (discovered 6 exits: *Fac x4 / *Low x2) -5/Factory (discovered 5 exits: *Fac x4 / [*Ext]) -4/Factory (discovered 6 exits: *Res x4 / *Upp x2) -3/Research (discovered 3 exits: *Res x3) -2/Research (discovered 4 exits: *Acc x3 / *Tes) -1/Access (discovered 2 exits: *Sur / [Com]) To Epsilon Eridani History --------- Turn | Location | Event 10 | -11/Scrapyard | Discovered new exit (range 14) 26 | -11/Scrapyard | Entered Materials 95 | -10/Materials | Repaired Corrupted Flight Unit 127 | -10/Materials | Discovered new exit (range 4) 175 | -10/Materials | Discovered new exit (range 6) 179 | -10/Materials | Entered Mines 189 | -10/Mines | Deemed a non-threat by the Exiles lab entrance 189 | -10/Mines | Discovered new exit (range 5) 190 | -10/Mines | Entered Exiles 199 | -10/Exiles | Met 8R-AWN 206 | -10/Exiles | Met EX-HEX 216 | -10/Exiles | Met EX-BIN 221 | -10/Exiles | Aligned with FarCom system 221 | -10/Exiles | Given EX-Vault access code 230 | -10/Exiles | Opened EX-Vault 235 | -10/Exiles | Found Cloak of Protection 245 | -10/Exiles | Warned to stay clear of 0b10 Research branches 256 | -10/Exiles | Met EX-DEC 268 | -10/Exiles | Discovered new exit (range 14) 273 | -10/Exiles | Left Exiles lab with Cloak of Protection 273 | -10/Exiles | Entered Mines 313 | -9/Mines | Build established: Mutant 314 | -9/Mines | Assembled infested the area 319 | -9/Mines | Assisted by a Guerilla fighting off Assembled 414 | -9/Mines | Discovered new exit (range 8) 437 | -9/Mines | Received a Rocket Launcher from a helpful Derelict 444 | -9/Mines | Entered Materials 444 | -8/Materials | Evolved 4 slots: Propulsion x2, Utility x2 481 | -8/Materials | Discovered new exit (range 14) 692 | -8/Materials | Discovered new exit (range 4) 730 | -8/Materials | Build established: Sprinter 784 | -8/Materials | Entered Factory 784 | -7/Factory | Evolved 2 slots: Propulsion x1, Utility x1 913 | -7/Factory | Discovered new exit (range 5) 1086 | -7/Factory | Build established: Scavenger-Sprinter 1144 | -7/Factory | Lost 5 parts (4n1w) 1269 | -7/Factory | Discovered new exit (range 15) 1309 | -7/Factory | Lost 5 parts (1p3n1u) 1351 | -7/Factory | Core integrity fell below 50% 1553 | -7/Factory | Build established: Mutant 1718 | -7/Factory | Fabricated Surge Thruster (x2) 1769 | -7/Factory | Entered Lower Caves 1856 | -7/Lower Caves | Discovered new exit (range 6) 1857 | -7/Lower Caves | Entered another Lower Caves area 1858 | -7/Lower Caves | Encountered a Warlord checkpoint 1867 | -7/Lower Caves | Discovered new exit (range 13) 1881 | -7/Lower Caves | Entered Factory 1881 | -6/Factory | Evolved 2 slots: Power x1, Utility x1 1960 | -6/Factory | Discovered new exit (range 10) 2017 | -6/Factory | Build established: Sprinter 2211 | -6/Factory | Identified exit to Lower Caves 2475 | -6/Factory | Fabricated Cld. VTOL Module? 2513 | -6/Factory | Build established: Hacker-Scout 2535 | -6/Factory | Fabricated Cld. VTOL Module (x1) 2703 | -6/Factory | Fabricated Cld. VTOL Module? 2951 | -6/Factory | Build established: Hacker-Sprinter 3101 | -6/Factory | Repaired Cld. VTOL Module 3255 | -6/Factory | Fabricated Cld. VTOL Module (x1) 3507 | -6/Factory | Repaired Surge Thruster 3538 | -6/Factory | Manually triggered Chute Trap 3538 | -6/Factory | Sucked down chute 3538 | -6/Factory | Entered Waste 3544 | -6/Waste | Spotted C-40 Crusher 3548 | -6/Waste | Spotted C-40 Crusher 3553 | -6/Waste | EMP discharged 3574 | -6/Waste | Spotted C-40 Crusher 3575 | -6/Waste | Spotted C-40 Crusher 3575 | -6/Waste | Spotted C-40 Crusher 3581 | -6/Waste | Spotted C-40 Crusher 3584 | -6/Waste | Discovered new exit (range 12) 3594 | -6/Waste | Entered Factory 3848 | -6/Factory | Fabricated Enh. Force Lance (x1) 3914 | -6/Factory | Fabricated Adv. Hacking Suite? 3928 | -6/Factory | Fabricated Adv. Hacking Suite (x1) 4112 | -6/Factory | Spotted B-75 Beast 4113 | -6/Factory | Fabricated Imp. Diametric Drive? 4165 | -6/Factory | Repaired Broken Imp. Diametric Drive? 4273 | -6/Factory | Fabricated Imp. Diametric Drive? 4432 | -6/Factory | Fabricated Imp. Diametric Drive? 4517 | -6/Factory | Identified exit to Factory 4645 | -6/Factory | Entered another Factory area 4645 | -5/Factory | Evolved 2 slots: Utility x2 4709 | -5/Factory | Identified exit to Factory 4801 | -5/Factory | Build established: Wizard-Sprinter 4869 | -5/Factory | Lost 3 parts (2p1n) 5154 | -5/Factory | Fabricated Cld. Nuclear Pulse Thruster? 5189 | -5/Factory | Build established: Wizard-Scout 5291 | -5/Factory | Spotted B-75 Beast 5455 | -5/Factory | Discovered new exit (range 18) 5475 | -5/Factory | Fabricated Adv. Hacking Suite? 5476 | -5/Factory | Fabricated Adv. Hacking Suite? 5502 | -5/Factory | Fabricated Cld. Nuclear Pulse Thruster? 5583 | -5/Factory | Fabricated Cld. Nuclear Pulse Thruster? 5758 | -5/Factory | Entered another Factory area 5758 | -4/Factory | Evolved 2 slots: Propulsion x1, Utility x1 5888 | -4/Factory | Found Prototype Slashing Weapon 5888 | -4/Factory | Identified Centrium Greatsword 5935 | -4/Factory | Fabricated Lrn. Terrain Scanner? 6097 | -4/Factory | Identified exit to Upper Caves 6220 | -4/Factory | Fabricated Exp. Terrain Scan Processor? 6308 | -4/Factory | Fabricated Exp. Utility Shielding? 6321 | -4/Factory | Fabricated Exp. Hacking Suite? 6425 | -4/Factory | Repaired Exp. Utility Shielding 6482 | -4/Factory | Repaired Cld. Nuclear Pulse Thruster 6490 | -4/Factory | Identified exit to Research 6508 | -4/Factory | First assault squad dispatched 6562 | -4/Factory | Entered Research 6562 | -3/Research | Evolved 2 slots: Utility x2 6571 | -3/Research | Identified exit to Research 6688 | -3/Research | Spotted B-86 Titan 6833 | -3/Research | Fabricated Adv. Cooling System (x1) 6862 | -3/Research | Build established: Wizard-Ninja 6950 | -3/Research | Entered another Research area 6950 | -2/Research | Evolved 2 slots: Power x1, Propulsion x1 7043 | -2/Research | Discovered new exit (range 3) 7055 | -2/Research | Spotted B-90 Cyclops 7071 | -2/Research | Identified exit to Testing 7103 | -2/Research | Identified exit to Access 7123 | -2/Research | Entered Access 7123 | -1/Access | Evolved 2 slots: Utility x2 7167 | -1/Access | Repaired Exp. Utility Shielding 7245 | -1/Access | Build established: Machinist-Ninja 7333 | -1/Access | Identified exit to Surface 7342 | -1/Access | Discovered new exit (range 23) 7428 | *** | Escaped! Last Messages --------------- 07342_ EXIT=FOUND 07358_ U-05 Engineer builds a Wall. 07373_ ALERT: Rogue bot located, Programmers report to Access Zone 3U. 07376_ Connecting with Garrison Access... >>Seal Access door sealed. 07378_ Dropped Power Sword. 07380_ S-43 Plague destroyed. 07386_ Acquired Power Sword. 07390_ K-01 Serf collects debris. 07391_ U-05 Engineer lays Concrete. 07394_ Exp. Utility Shielding destroyed. 07394_ U-05 Engineer lays Concrete. 07395_ W-44 Eye sends out distress signal. 07422_ System corrupted: Component data lost. 07427_ Connecting with Terminal... >>Open(Door) Sealed Barrier opened. 07428_ The Access Shell folds into the floor. [Achievement: True Flier] Map ----- +----------------------------------------------------+ | ?????????????????????????????????????????????????? | | ?????????????????????????????????????????? ??? ??" | | ????????????????????????????????????????#???#???"" | | ??????????????????????????????????##?????#??????"? | | ??????????????????????????????#???????#?#???? ?? ? | | ????????????????????????????????#??#???????#? ???? | | ?????????????????????????? ?#??????????#????##???? | | ??????????????????????? ?????????#????#???#??##??? | | ???????????????????????????##???????????????#??#?? | | ??????????????????#???#?? ???????#?#??##????????? | | ????????????????????????????? ?#?##??????????##?? | | ?????????????????#?? ? ? ????????##?#?#??#????#?? | | ?????????#????????????????????##??????##???#???#?? | | ???????????????????????? ? ?? #???#???#??##?????? | | ?????????? ???????##?BB? ??BB ?##?##???#????????#? | | ????????????????###??BB????BB?##????????#???????# | | ????? ?? ????????##??????? ????#?##?#??####???###? | | ??????????? ???##??????????"???######?###?????##?? | | ???? ?????#????????#"???"??"??#?#?##?#??##???##??? | | ????????????h?????#?""??"""??"??###?#####??#?###?? | | ??????????? ???#?###""""""""""#?###########?#?### | | ??? ??? ???h??????## #?# ###?### | | ??? ???? ?? ???#??# #?# #??#??? | | ????? ?????????##?## ### ######## | | ????????? ????##???# "" ### + | | ? ???????????????### "@ #?# ######## | | ?????#????# ?#????# ### #?###### | | ??? ????????????#??# #?# #?###### | | ? ??? ????????#?#?## #?# #?#?#??# | | ????????????????#?## ### ##??#??? | | ??????? ? #???#???# ## ######## | | ??? ? ? ??? ?????###"" ### ## | | ??? ?? ????????#?#?#"" ### ## | | ????? ?? ???####??#"" #?# ## | | #? ??????? ?????##T #?# ## // | | ?????????## ????#?##"" #?# ## // | | ?#?????#?#???#???###"" #?# ## | | ?????????????#######"" #####+######## | | ???#???????? R | | ???#??????# | | ??????#?##?###+####################+############## | | ????#?#????? ?????#??####?##??###??? ? ?#### | | ???????# ???? ???#????#??#???##?? ?? ? ?? #?#?# | | ???????# ????????#??? ? ? ? ? ??? ? ? ?#?### | | ?????????? ? ??? ???? ?? ?? ? ?#??? ? ? ?##?#? | | ?????#???? ???????##? ?? ???? # ???? ?? #??## | | ??????#? ? ??? ??### ???? ? ? #??? ?? ? ?#?#? | | ?????#??????? ?? #?? ? ?? ? ?????? ?" ? ??#?# | | ????????? ? ??????# ???? ? ??? ? "?? ??? ??#?# | | ????????#??+?????????? ? ? ?????"???"" ???####? | +----------------------------------------------------+ Best States ------------- Heat Dissipation 83 Energy Generation 62 Energy Capacity 290 Matter Stores 300 Matter Capacity 300 Sight Range 22 Terrain Scan Range 24 Terrain Scan Density 1010 Cloak Strength 5 Power Amplification 30 Additional Mass Support 9 Armor Coverage 150 Utility Shielding 90 Evasion (%) 67 Melee Accuracy 12 Offensive Hacking 62 Defensive Hacking 14 Item Schematics ----------------- Surge Thruster | -7/Factory | Hacked Cld. VTOL Module | -6/Factory | Hacked Adv. Hacking Suite | -6/Factory | Hacked Imp. Diametric Drive | -6/Factory | Scanalyzed Adv. System Shield | -6/Factory | Hacked Lrn. Terrain Scanner | -5/Factory | Hacked Cld. Nuclear Pulse Thruster | -5/Factory | Hacked Prc. Rocket Launcher | -5/Factory | Scanalyzed Exp. Utility Shielding | -4/Factory | Hacked Exp. Terrain Scan Processor | -4/Factory | Hacked Exp. Hacking Suite | -4/Factory | Hacked Adv. Cooling System | -3/Research | Hacked Robot Schematics ------------------ None Fabricated ------------ Surge Thruster | x2 | -7/Factory Cld. VTOL Module | x1 | -6/Factory Cld. VTOL Module | x1 | -6/Factory Cld. VTOL Module | x1 | -6/Factory Cld. VTOL Module | x1 | -6/Factory Enh. Force Lance | x1 | -6/Factory | Preloaded Adv. Hacking Suite | x1 | -6/Factory Adv. Hacking Suite | x1 | -6/Factory Imp. Diametric Drive | x1 | -6/Factory Imp. Diametric Drive | x1 | -6/Factory Imp. Diametric Drive | x1 | -6/Factory Cld. Nuclear Pulse Thruster | x1 | -5/Factory Adv. Hacking Suite | x1 | -5/Factory Adv. Hacking Suite | x1 | -5/Factory Cld. Nuclear Pulse Thruster | x1 | -5/Factory Cld. Nuclear Pulse Thruster | x1 | -5/Factory Lrn. Terrain Scanner | x1 | -4/Factory Exp. Terrain Scan Processor | x1 | -4/Factory Exp. Utility Shielding | x1 | -4/Factory Exp. Hacking Suite | x1 | -4/Factory Adv. Cooling System | x1 | -3/Research Alien Tech Used ----------------- None Achievements -------------- True Flier Challenges ------------ None Game ------ Seed ScatterInsulationGravjet Manual? 0 Play Time 01:47:54 Cumulative 275.7 hours Start 2024.03.07 @ 20:31:01 End 2024.03.07 @ 22:17:35 Sessions 1 Manual Loads 0 Difficulty Rogue Special Mode None Game No. 188 Rogue 188 Adventurer 0 Explorer 0 Win Type 0 Total 12 Types 8/1/1/1/0/0/0/1/0 Lore% 69 Gallery% 79 Achievement% 71 Wizard Run 0 Options --------- Layout 0 ASCII 0 Keyboard 1 Movement Numpad Keybinds 0 Fullscreen 2 Font 18/SmallcapsGlow Map View 76x50 Zoom Use 0% Tactical HUD 1 Map Filters NONE Filters NONE Steam 1 RUN: 7b00fe62-dbb6-4b9f-b4f8-f5a5819468d2